Description

updating spawning tool

Build Order

Get SALT Encoding   

  6  0:00  Probe  
  13  0:12  Probe  
  14  0:17  Pylon  
  14  0:24  Probe  
  15  0:35  Gateway  
  16  0:46  Assimilator  
  17  0:55  Assimilator  
  20  1:13  Gateway  
  20  1:24  Cybernetics Core  
  22  1:36  Pylon  
  23  1:58  Warp Gate (Chrono Boost)  
  23  2:01  Stalker, Sentry  
  28  2:11  Pylon  
  28  2:16  Twilight Council  
  28  2:41  Nexus (Chrono Boost)  
  28  2:48  Stalker  
  30  2:58  Dark Shrine  
  30  3:09  Stalker  
  33  3:16  Shield Battery  
  34  3:28  Shield Battery  
  34  3:35  Pylon  
  38  4:05  Sentry  
  41  4:11  Dark Templar  
  41  4:15  Robotics Facility  
  51  4:54  Sentry, Forge  
  51  4:55  Pylon  
  51  4:59  Immortal (Chrono Boost)  
  59  5:11  Charge  
  59  5:13  Protoss Ground Weapons Level 1 (Chrono Boost)  
  62  5:24  Assimilator x2  
  63  5:31  Immortal (Chrono Boost)  
  68  5:56  Immortal  
  70  6:03  Gateway x2  
  74  6:08  Gateway x2  
  74  6:14  Gateway  
  74  6:15  Templar Archives  
  76  6:33  Immortal  
  80  6:45  Nexus  
  80  7:03  Gateway x2  
  80  7:05  High Templar x2  
  84  7:09  Archon  
  84  7:16  Zealot x3  
Spawning Tool Build Advisor. Get it on Overwolf

Go to:

Details

  • Created by: raynors
  • Published on: Feb 26, 2018
  • Modified on: Feb 26, 2018
  • Patch: 4.0.0
Show
View Real Time Build Order
Export as new Build Order

Comments (0)

There are no comments. Be the first!

Create an account to comment!